 Dungeon Sprint DCSS version 0.22-a0-614-g34fbaa0 (webtiles) character file.

422 Dancorps13 the Fighter (level 6, -2/63 HPs)
             Began as a Minotaur Fighter on July 14, 2018.
             Was an Initiate of Trog.
             Succumbed to Sonja's poison
             ... in the Dungeon (Sprint I: "Red Sonja").
             The game lasted 00:04:48 (716 turns).

Dancorps13 the Fighter (Minotaur Fighter)            Turns: 716, Time: 00:04:48

Health: -2/63      AC:  8    Str: 23    XL:     6   Next: 63%
Magic:  5/5        EV:  8    Int:  5    God:    Trog [......]
Gold:   297        SH: 11    Dex:  9    Spells: 5/5 levels left

rFire    . . .     SeeInvis .   a - +0 long sword
rCold    . . .     Gourm    .   c - +0 shield
rNeg     . . .     Faith    .   b - +0 scale mail
rPois    .         Spirit   .   (helmet restricted)
rElec    .         Reflect  .   (no cloak)
rCorr    .         Harm     .   (no gloves)
MR       .....     NoTele   +   (no boots)
Stlth    ..........             (no amulet)
HPRegen  0.20/turn              (no ring)
MPRegen  0.09/turn              (no ring)

@: lethally poisoned (-2 -> -118)
A: retaliatory headbutt, horns 2
a: Renounce Religion


You were in the Dungeon.
You worshipped Trog.
Trog was noncommittal.
You were not hungry.

You visited 1 branch You collected 297 gold pieces.

Inventory:

Hand Weapons
 a - a +0 long sword (weapon)
Armour
 b - a +0 scale mail (worn)
 c - a +0 shield (worn)
Scrolls
 k - a scroll of blinking
Potions
 d - a potion of might
 e - a potion of curing
 g - a potion of heal wounds
 h - a potion of haste
 i - 2 potions of magic
 j - a potion of berserk rage
Comestibles
 f - 2 rations
 l - 5 chunks of flesh


   Skills:
 + Level 9.3 Fighting
 + Level 9.0 Long Blades
 + Level 9.3 Armour
 + Level 9.3 Shields


You had 5 spell levels left.
You didn't know any spells.
Your spell library was empty.

Dungeon Overview and Level Annotations

Branches:
Dungeon (1/1)

Altars:
Cheibriados
Dithmenos
Elyvilon
Fedhas
Gozag
Hepliaklqana
Kikubaaqudgha
Nemelex Xobeh
Okawaru
Qazlal
Ru
Sif Muna
Trog
Uskayaw
Vehumet
Wu Jian
Yredelemnul
Zin
The Shining One

Shops:
D !

Annotations:
D Sonja


Innate Abilities, Weirdness & Mutations

You reflexively headbutt those who attack you in melee.
You have a pair of horns on your head.


Message History

Your headbutt misses Sonja.
Sonja is moderately wounded.
* * * LOW HITPOINT WARNING * * *
You feel extremely sick.
You block Sonja's attack. x2; Sonja hits you but does no damage.
You are more poisoned.
You miss Sonja.
Sonja is moderately wounded.
* * * LOW HITPOINT WARNING * * *
You feel extremely sick. You block Sonja's attack. x3
Sonja hits you with an uncursed dagger of venom.
* * * LOW HITPOINT WARNING * * *
You are more poisoned.
Sonja hits you but does no damage.
You are more poisoned.
Sonja closely misses you.
You completely miss Sonja.
Sonja is moderately wounded.
You die...

#..').#..'..#..+
#..#####'#####'#
#..####..#...#.#
#..#__####..##(#
#..#_____##'#_.+
#⌠⌠#_.∩...'..._#
####_..__##_.#+#
#_____###(#
####### #@#
+K.$+ #$.$#
##.## #+#


You could see Sonja.

Vanquished Creatures
  Sigmund (D)
  A yak (D)
  An ogre (D)
  A jelly (D)
  Ijyb (D)
5 creatures vanquished.

Vanquished Creatures (others)
  A gargoyle (D)
1 creature vanquished.

Grand Total: 6 creatures vanquished

Notes
Turn   | Place    | Note
-------+----------+-------------------------------------------
     0 | D        | Dancorps13 the Minotaur Fighter began the quest for the Orb.
     0 | D        | Reached XP level 1. HP: 19/19 MP: 0/0
     2 | D        | Noticed Ijyb
    13 | D        | Killed Ijyb
    13 | D        | Reached skill level 5 in Fighting
    13 | D        | Reached skill level 5 in Armour
    13 | D        | Reached skill level 5 in Shields
    13 | D        | Reached XP level 2. HP: 22/29 MP: 1/1
    16 | D        | Noticed an ogre
    26 | D        | Killed an ogre
    26 | D        | Reached skill level 5 in Long Blades
    26 | D        | Reached XP level 3. HP: 10/38 MP: 2/2
    26 | D        | Reached XP level 4. HP: 12/45 MP: 3/3
   255 | D        | Noticed Sigmund
   270 | D        | Killed Sigmund
   270 | D        | Reached XP level 5. HP: 19/53 MP: 4/4
   284 | D        | Found a deep blue altar of Sif Muna.
   468 | D        | Found an ornate altar of the Wu Jian Council.
   469 | D        | Found a radiant altar of Vehumet.
   473 | D        | Reached XP level 6. HP: 45/62 MP: 5/5
   561 | D        | Killed a gargoyle
   575 | D        | Found Butif's Distillery.
   575 | D        | Found an ancient bone altar of Kikubaaqudgha.
   575 | D        | Found a hazy altar of Hepliaklqana.
   575 | D        | Found a hide-covered altar of Uskayaw.
   575 | D        | Found a basalt altar of Yredelemnul.
   575 | D        | Found an opulent altar of Gozag.
   575 | D        | Found a snail-covered altar of Cheibriados.
   575 | D        | Found a sacrificial altar of Ru.
   575 | D        | Found a shadowy altar of Dithmenos.
   575 | D        | Noticed a yak
   582 | D        | Killed a yak
   586 | D        | Found a stormy altar of Qazlal.
   586 | D        | Found a blossoming altar of Fedhas.
   586 | D        | Found a bloodstained altar of Trog.
   586 | D        | Found an iron altar of Okawaru.
   586 | D        | Found a glowing golden altar of the Shining One.
   586 | D        | Found a glowing silver altar of Zin.
   586 | D        | Found a white marble altar of Elyvilon.
   587 | D        | Found a sparkling altar of Nemelex Xobeh.
   698 | D        | Became a worshipper of Trog the Wrathful
   704 | D        | Noticed Sonja
   716 | D        | Succumbed to Sonja's poison

Vault maps used:
D:        dungeon_sprint_1

Skill      XL: |  1  2  3  4  5  6 |
---------------+-------------------+-----
Fighting       | 5 6 8 9 |  9.3
Long Blades    | 4 5 7 8 9 |  9.0
Armour         | 5 6 8 9 |  9.3
Shields        | 5 6 8 9 |  9.3

Action                   |  1- 3 |  4- 6 || total
-------------------------+-------+-------++-------
Melee: Long sword        |    15 |    27 ||    42
       Headbutt          |     6 |     8 ||    14
Armor: Scale mail        |     3 |    22 ||    25
Dodge: Dodged            |     2 |     4 ||     6
Block: Shield            |     6 |    20 ||    26
       Rpst.: Long sword |     1 |       ||     1

Table legend:
 A = Spawn XP
 B = Non-spawn XP
 C = Spawn XP percentage of total XP
 D = Spawn monster count
 E = Non-spawn monster count
 F = Spawn count percentage of total count
 G = Total turns spent on level
                    A         B        C        D         E        F      G
               +---------+---------+-------+---------+---------+-------+---------
         Total |       0 |     604 |   0.0 |       0 |       5 |   0.0 |   716
               +---------+---------+-------+---------+---------+-------+---------
             D |       0 |     604 |   0.0 |       0 |       5 |   0.0 |   716
               +---------+---------+-------+---------+---------+-------+---------
